 Dungeon Crawl Stone Soup version 0.26.1-11-gd32895ea62 (webtiles) character file.

Game seed: 7831668662447812780

9188 Zeld the Thrower (level 11, -7/68 HPs)
             Began as an Octopode Fighter on May 12, 2021.
             Was a High Priest of Okawaru.
             Mangled by a yak (11 damage)
             ... on level 10 of the Dungeon.
             The game lasted 00:25:19 (21918 turns).

Zeld the Thrower (Octopode Fighter)                Turns: 21918, Time: 00:25:20

Health: -7/68      AC:  1    Str: 25    XL:     11   Next: 42%
Magic:  23/23      EV: 12    Int: 10    God:    Okawaru [*****.]
Gold:   503        SH: 12    Dex: 12    Spells: 27/27 levels left

rFire    . . .     SeeInvis .   o - +5 hand axe (freeze)
rCold    + . .     Faith    .   b - +2 kite shield
rNeg     . . .     Spirit   .   (helmet restricted)
rPois    +         Reflect  .   w - amulet of the acrobat
rElec    .         Harm     .   h - ring of protection from cold
rCorr    .         Rampage  .   d - ring of poison resistance
Will     .....                  x - ring of wizardry
Stlth    ++........             F - +6 ring of strength
HPRegen  0.21/turn              (no ring)
MPRegen  0.18/turn              (no ring)
                                (no ring)
                                (no ring)

@: no status effects
A: almost no armour, stealthy swim, amphibious, 8 rings, constrict 8, camouflage
1, gelatinous body 1
a: Renounce Religion, Heroism, Finesse


You were on level 10 of the Dungeon.
You worshipped Okawaru.
Okawaru was extremely pleased with you.
You visited 2 branches of the dungeon, and saw 12 of its levels.
You also visited: Sewer.

You collected 1747 gold pieces.
You spent 1244 gold pieces at shops.

Inventory:

Hand Weapons
 a - a +4 war axe
 o - a +5 hand axe of freezing (weapon)
Missiles
 c - 11 boomerangs
 q - 12 javelins
 t - 11 poisoned darts (quivered)
Armour
 b - a +2 kite shield (worn)
Jewellery
 d - a ring of poison resistance (right tentacle)
 h - a ring of protection from cold (left tentacle)
 w - an amulet of the acrobat (around mantle)
 x - a ring of wizardry (on tentacle)
 F - a +6 ring of strength (on tentacle)
Wands
 g - a wand of acid (6)
 s - a wand of digging (11)
 v - a wand of flame (20)
 z - a wand of disintegration (10)
 A - a wand of random effects (14)
 C - a wand of iceblast (10)
 D - a wand of enslavement (3)
Scrolls
 f - 3 scrolls of magic mapping
 r - a scroll of holy word
 y - 5 scrolls of remove curse
 G - a scroll of teleportation
Potions
 e - a potion of invisibility
 i - 2 potions of resistance
 j - a potion of heal wounds
 k - 6 potions of flight
 l - a potion of haste
 m - 4 potions of curing
 n - 2 potions of magic {unknown}
 p - 4 potions of ambrosia {unknown}
 u - a potion of lignification {unknown}
 B - a potion of brilliance {unknown}
Miscellaneous
 E - a phantom mirror


   Skills:
 - Level 3.7 Fighting
 - Level 3.0 Axes
 * Level 13.6 Throwing
 - Level 3.0 Dodging
 - Level 3.8 Shields
 - Level 8.8 Spellcasting


You had 27 spell levels left.
You didn't know any spells.
Your spell library contained the following spells:

 Spells                   Type           Power        Failure   Level
 Confusing Touch          Hex            4%           58%         3
 Gell's Gravitas          Tloc           2%           58%         3
 Petrify                  Tmut/Erth      4%           92%         4
 Metabolic Englaciation   Hex/Ice        2%           99%         5
 Yara's Violent Unravell  Hex/Tmut       2%           99%         5


Dungeon Overview and Level Annotations

Branches:
Dungeon (11/15)            Temple (1/1) D:4            Lair (0/6) D:10
    Orc (0/2) D:9           Sewer (visited)

Altars:
Ashenzari
Cheibriados
Dithmenos
Elyvilon
Fedhas
Gozag
Hepliaklqana
Kikubaaqudgha
Makhleb
Nemelex Xobeh
Okawaru
Qazlal
Ru
Sif Muna
Trog
Uskayaw
Vehumet
Wu Jian
Xom
Yredelemnul
Zin
The Shining One

Shops:
D:5 *   D:6 }   D:9 *

Annotations:
D:9 exclusion: cyclops
D:11 1 exclusion


Innate Abilities, Weirdness & Mutations

You cannot wear most types of armour.
You are very stealthy in the water. (Stealth+)
You are amphibious.
You can wear up to eight rings at the same time.
You can use your tentacles to constrict eight enemies at once.
Your skin changes colour to match your surroundings (Stealth+).
Your rubbery body absorbs attacks. (AC +1, EV +1)


Message History

You kill the worker ant!
Okawaru accepts your kill.
You hit the yak. You freeze the yak. The yak misses you.
The yak closely misses you.
You barely miss the yak.
The yak is lightly wounded.
The yak closely misses you.
You slash the yak! You freeze the yak. You squeeze the yak.
The yak is heavily wounded.
You block the yak's attack.
You hit the yak but do no damage. You squeeze the yak.
The yak is heavily wounded.
The yak gores you.
* * * LOW HITPOINT WARNING * * *
The yak gores you!
* * * LOW HITPOINT WARNING * * *
You barely miss the yak. You squeeze the yak!
The yak is almost dead.
The yak gores you!
You die...

..# #..........# #.......#
..# #..........# #####'###
### ##'######### #..# #..##
#.## ##..# #.# ##.#
######.#### ###+####
#>........#
#......#####....<....#
#......#.?.@Y........#
######......#.###.........#
.....'......#.# #.........#
######......#.# #.........#
#......'.# ###########
#......### ########


You could see a yak.

Vanquished Creatures
  A two-headed ogre (D:10)
  An unseen horror (D:10)
  Joseph (D:9)
  A komodo dragon (D:8)
  2 trolls
  Sigmund (D:2)
  3 yaks
  A wyvern (D:8)
  A wraith (D:11)
  2 vampire mosquitoes (D:10)
  Edmund (D:4)
  10 orc warriors
  2 ice beasts
  2 sky beasts
  An eye of draining (D:10)
  A black bear (D:10)
  2 phantoms (D:8)
  3 necrophages
  4 ogres
  3 centaurs
  13 bullfrogs
  A scorpion (D:10)
  3 killer bees (D:10)
  3 wights (D:9)
  A howler monkey (D:11)
  3 bullfrog zombies
  A bullfrog skeleton (D:10)
  A centaur zombie (D:6)
  5 hounds
  Crazy Yiuf (D:3)
  8 orc priests
  2 jellies (D:8)
  Terence (D:3)
  17 orc wizards
  14 worker ants
  4 gnolls (D:7)
  A howler monkey skeleton (D:5)
  5 adders
  2 shadow imps
  2 white imps
  3 ufetubi
  2 oozes
  An adder skeleton (D:9)
  5 worms
  3 dart slugs
  7 leopard geckos
  42 orcs
  2 ball pythons
  12 bats
  2 giant cockroaches
  8 goblins
  12 hobgoblins
  12 jackals
  6 kobolds
  3 quokkas
  6 frilled lizards
  A leopard gecko skeleton (D:9)
  A quokka skeleton (D:4)
  A quokka zombie (D:8)
  6 rats
266 creatures vanquished.

Vanquished Creatures (collateral kills)
  2 yaks
  2 orcs
4 creatures vanquished.

Vanquished Creatures (others)
  An ogre (D:9)
  12 fungi (D:10)
  16 plants (D:10)
  A withered plant (D:3)
30 creatures vanquished.

Grand Total: 300 creatures vanquished

Notes
Turn   | Place    | Note
-------+----------+-------------------------------------------
     0 | D:1      | Zeld the Octopode Fighter began the quest for the Orb.
     0 | D:1      | Reached XP level 1. HP: 16/16 MP: 1/1
   320 | D:1      | Reached XP level 2. HP: 21/21 MP: 2/2
   984 | D:1      | Reached XP level 3. HP: 26/26 MP: 3/3
  1445 | D:2      | Reached XP level 4. HP: 20/33 MP: 4/4
  1850 | D:2      | Noticed Sigmund
  2101 | D:2      | Killed Sigmund
  2102 | D:2      | Reached skill level 4 in Throwing
  2102 | D:2      | Reached XP level 5. HP: 26/37 MP: 5/5
  2102 | D:2      | Reached XP level 6. HP: 30/43 MP: 6/6
  2355 | D:3      | Found a glowing drain.
  2361 | Sewer    | Entered a sewer
  2394 | Sewer    | Noticed Purgy
  3274 | D:3      | Found a basalt altar of Yredelemnul.
  3581 | D:3      | Noticed Terence
  3592 | D:3      | Killed Terence
  4050 | D:3      | Found an ancient bone altar of Kikubaaqudgha.
  4180 | D:3      | Found a stormy altar of Qazlal.
  4249 | D:3      | Reached skill level 1 in Spellcasting
  4911 | D:3      | Found a runed translucent door.
  4912 | D:3      | Noticed Crazy Yiuf
  5075 | D:3      | Killed Crazy Yiuf
  5370 | D:4      | Found a staircase to the Ecumenical Temple.
  5375 | D:4      | Reached XP level 7. HP: 38/47 MP: 10/10
  5384 | Temple   | Entered the Ecumenical Temple
  5610 | Temple   | Became a worshipper of Warmaster Okawaru
  5706 | D:4      | Reached skill level 5 in Throwing
  5862 | D:4      | Found a hide-covered altar of Uskayaw.
  5948 | D:4      | Noticed Edmund
  6047 | D:4      | Killed Edmund
  6935 | D:5      | Entered Level 5 of the Dungeon
  7098 | D:5      | Found Itsa's Assorted Antiques.
  7105 | D:5      | Bought a scroll of identify for 66 gold pieces
  7105 | D:5      | Bought a scroll labelled VAUQOG VUUHU for 33 gold pieces
  7105 | D:5      | Bought a scroll of teleportation for 99 gold pieces
  7105 | D:5      | Bought a scroll labelled MUISTATIAS for 33 gold pieces
  8350 | D:5      | Reached * piety under Okawaru
  8351 | D:5      | Reached skill level 6 in Throwing
  8351 | D:5      | Reached XP level 8. HP: 46/54 MP: 13/13
  8453 | D:5      | Found an ornate altar of the Wu Jian Council.
  8717 | D:5      | Bought a sapphire potion for 29 gold pieces
  9025 | D:6      | Found a burning altar of Makhleb.
  9038 | D:6      | Reached skill level 7 in Throwing
  9048 | D:6      | Reached skill level 5 in Spellcasting
  9200 | D:6      | Found Xasid's Gadget Shop.
  9304 | D:6      | Reached ** piety under Okawaru
  9711 | D:7      | Acquired 1106 gold pieces
  9745 | D:6      | Bought a wand of disintegration (11) for 165 gold pieces
  9745 | D:6      | Bought a wand of iceblast (10) for 154 gold pieces
  9745 | D:6      | Bought a wand of flame (17) for 104 gold pieces
  9745 | D:6      | Bought a wand of enslavement (9) for 121 gold pieces
  9745 | D:6      | Bought a phantom mirror for 440 gold pieces
  9768 | D:7      | Reached XP level 9. HP: 58/58 MP: 17/17
  9875 | D:7      | Found a basalt altar of Yredelemnul.
 10079 | D:7      | Reached skill level 8 in Throwing
 11312 | D:7      | Found a basalt altar of Yredelemnul.
 12601 | D:8      | Noticed a komodo dragon
 12933 | D:8      | Reached *** piety under Okawaru
 13015 | D:8      | Killed a komodo dragon
 13016 | D:8      | Reached skill level 9 in Throwing
 14380 | D:9      | Found an opulent altar of Gozag.
 14657 | D:9      | Found Gozag's Platinum Reserve.
 14835 | D:9      | Noticed a troll
 14841 | D:9      | Killed a troll
 14842 | D:9      | Reached XP level 10. HP: 63/63 MP: 20/22
 15097 | D:9      | Noticed a cyclops
 15147 | D:9      | Reached skill level 10 in Throwing
 15391 | D:9      | Noticed Joseph
 15620 | D:9      | Reached **** piety under Okawaru
 15687 | D:9      | Found a staircase to the Orcish Mines.
 16318 | D:9      | Identified the +4 spear of Optimality {freeze, +Rage rPois
                  | rF-}
 16732 | D:9      | Killed Joseph
 16908 | D:10     | Entered Level 10 of the Dungeon
 17778 | D:10     | Reached skill level 11 in Throwing
 18102 | D:10     | Noticed a two-headed ogre
 18125 | D:10     | Killed a two-headed ogre
 18126 | D:10     | Reached skill level 12 in Throwing
 18587 | D:10     | Killed an unseen horror
 18588 | D:10     | Reached XP level 11. HP: 42/68 MP: 23/23
 18824 | D:10     | Found a staircase to the Lair.
 18844 | D:10     | Reached ***** piety under Okawaru
 19209 | D:10     | Received a gift from Okawaru
 19647 | D:10     | Reached skill level 13 in Throwing
 21714 | D:11     | Noticed a boulder beetle
 21871 | D:11     | Received a gift from Okawaru
 21918 | D:10     | Mangled by a yak

Illustrated notes

Levels and vault maps discovered:
D:1:      lemuel_arrival_river_bridge, layout_basic
D:2:      kennysheep_big_flooded_room, layout_rooms, uniq_sigmund
D:3:      layout_basic, yredelemnul_altar_generic,
          lemuel_coloured_pillars_altar, marbit_many_paths,
          portal_sewer_entry_e, wad_floor_pattern_untrapped,
          uniq_crazy_yiuf_cottage, uniq_terence
D:4:      layout_loops_corners, eat_drink_and_be_merry_uskayaw,
          minmay_temple_entry_wispy, uniq_edmund
D:5:      layout_rooms, pdpol_wu_jian_five_deadly_venoms, serial_shops, shop
D:6:      layout_rooms, old_standard_altar, serial_shops, nicolae_shop_crystal
D:7:      layout_cave_pods, basic_altar, amethyst_killhole
D:8:      layout_loops_corners, serial_park_tiny_pond
D:9:      layout_irregular_city, nicolae_gozag_zags_fifth_avenue, david_orc_4,
          minmay_misc_feat_diagonals, uniq_joseph
D:10:     layout_roguey, grunt_lair_entry_orc_guard_hut, abandoned_shop
D:11:     layout_roguey, abandoned_shop, centaur_isle
Temple:   regret_index_temple_generic_petals

Skill      XL: |  1  2  3  4  5  6  7  8  9 10 11 |
---------------+----------------------------------+-----
Axes           | 3 |  3.0
Throwing       | 4 6 7 9 12 13 | 13.6
Spellcasting   | 2 3 5 8 |  8.8
Fighting       | |  3.7
Dodging        | |  3.0
Shields        | |  3.8

Action                   |  1- 3 |  4- 6 |  7- 9 | 10-12 || total
-------------------------+-------+-------+-------+-------++-------
Melee: War axe           |    74 |    47 |       |       ||   121
       Constrict         |    23 |    25 |    50 |    48 ||   146
       Tentacles         |    17 |    10 |    38 |    74 ||   139
       Hand axe          |       |    32 |   238 |   272 ||   542
       Punch             |       |       |       |     3 ||     3
Throw: Dart              |       |    13 |    40 |    24 ||    77
       Boomerang         |       |       |    17 |     2 ||    19
Invok: Heroism           |       |       |     4 |    13 ||    17
Evoke: Wand              |       |       |     3 |     7 ||    10
  Use: Potion            |       |     2 |     1 |    12 ||    15
       Scroll            |       |    13 |    22 |     4 ||    39
 Stab: Sleeping          |     2 |    10 |     9 |     1 ||    22
       Distracted        |       |       |     1 |       ||     1
       Invisible         |       |       |       |     5 ||     5
Armor: Skin              |     7 |     7 |     4 |     5 ||    23
Dodge: Dodged            |    35 |    57 |   107 |   127 ||   326
Block: Kite shield       |    35 |    58 |   137 |   150 ||   380
